 Dungeon Crawl Stone Soup version 0.27-a0-1565-gad902ab807 (webtiles) character file.

Game seed: 5670149650854092016

28 Leszczynek the Chopper (level 3, 0/27 HPs)
             Began as a Human Gladiator on July 16, 2021.
             Was an Initiate of Cheibriados.
             Slain by a gnoll (10 damage)
             ... on level 2 of the Dungeon.
             The game lasted 00:04:59 (601 turns).

Leszczynek the Chopper (Human Gladiator)             Turns: 601, Time: 00:05:00

Health: 0/27       AC:  5    Str: 15    XL:     3   Next: 27%
Magic:  3/3        EV: 12    Int: 10    God:    Cheibriados [......]
Gold:   34         SH:  0    Dex: 15    Spells: 2/2 levels left

rFire    . . .     SeeInvis .   a - +0 war axe
rCold    . . .     Faith    .   (no shield)
rNeg     . . .     Spirit   .   b - +0 leather armour
rPois    .         Reflect  .   c - +1 helmet
rElec    .         Harm     .   (no cloak)
rCorr    .         Rampage  .   (no gloves)
Will     .....                  (no boots)
Stlth    +.........             (no amulet)
HPRegen  0.09/turn              (no ring)
MPRegen  0.08/turn              (no ring)

@: very slow
A: no striking features
a: Renounce Religion, Bend Time


You were on level 2 of the Dungeon.
You worshipped Cheibriados.
Cheibriados was noncommittal.
You visited 1 branch of the dungeon, and saw 4 of its levels.

You collected 34 gold pieces.

Inventory:

Hand Weapons
 a - a +0 war axe (weapon)
Missiles
 d - a throwing net (quivered)
 h - 29 stones
Armour
 b - a +0 leather armour (worn)
 c - a +1 helmet (worn)


   Skills:
 + Level 2.2 Fighting
 - Level 4.0 Axes
 - Level 2.0 Throwing
 - Level 3.0 Dodging


You had 2 spell levels left.
You didn't know any spells.
Your spell library contained the following spells:

 Spells                   Type           Power      Damage    Failure   Level
 Static Discharge         Conj/Air       0%         N/A       56%         2
 Ozocubu's Armour         Ice            0%         N/A       80%         3
 Dispel Undead            Necr           0%         3d6       99%         4
 Sticky Flame             Conj/Fire      0%         2d3       99%         4
 Ozocubu's Refrigeration  Ice            0%         4d5       100%        7


Dungeon Overview and Level Annotations

Branches:
Dungeon (4/15)
 Temple: D:4-7

Altars:
Cheibriados

Annotations:
D:2 Terence


Message History

The bat barely misses you.
You slash the bat!
You kill the bat!
Cheibriados thoroughly appreciates the change of pace.
Things that are here:
a +0 club; a goblin corpse You open the door.
Found 7 gold pieces.
You now have 34 gold pieces (gained 7).
As you read the scroll of identify {@r1}, it crumbles to dust.
g - a scroll of enchant armour
As you read the scroll of enchant armour, it crumbles to dust.
Your +0 helmet glows green for a moment. 2 gnolls come into view.
A gnoll is wielding a +2 vorpal spear.
The gnoll shouts!
A gnoll comes into view. It is wielding a +0 halberd.
A gnoll comes into view. It is wielding a +0 club.
There is an open door here.
Unknown command.
Unknown command.
Unknown command.
Unknown command.
Enter note: unlucky The gnoll hits you but does no damage.
Press: ? - help, v - describe, . - travel
Here: a gnoll, wielding a +2 vorpal spear The floor.
Unknown command.
You hit the gnoll.
The gnoll is lightly wounded.
The gnoll hits you with a +2 vorpal spear.
You hit the gnoll.
The gnoll is heavily wounded.
The gnoll misses you.
The gnoll hits you with a +2 vorpal spear!
You hit the gnoll.
The gnoll is almost dead.
The gnoll hits you with a +2 vorpal spear!
You die...

# #### #...
##... .....
##### #....
#############
#.###
#.@g#..#..#.#
#.#..
###...##)##.#
#.#..
###....#..#
#.#.# ###....##
#.... ###...#
###.# ###.#
#.#.. #'# #<...
#......#.#####
#gg....##......


You could see a gnoll.

Vanquished Creatures
  3 dart slugs (D:2)
  3 ball pythons
  An endoplasm (D:1)
  4 goblins
  A kobold (D:2)
  4 bats
  4 rats
20 creatures vanquished.

Notes
Turn   | Place    | Note
-------+----------+-------------------------------------------
     0 | D:1      | Leszczynek the Human Gladiator began the quest for the Orb.
     0 | D:1      | Reached XP level 1. HP: 16/16 MP: 1/1
    39 | D:1      | XD
   128 | D:2      | oh
   128 | D:2      | XD
   242 | D:2      | Reached XP level 2. HP: 22/22 MP: 2/2
   398 | D:3      | Reached skill level 4 in Axes
   398 | D:3      | Reached XP level 3. HP: 26/27 MP: 3/3
   477 | D:4      | Found a snail-covered altar of Cheibriados.
   482 | D:4      | Became a worshipper of Cheibriados the Contemplative
   525 | D:2      | Noticed Terence
   584 | D:2      | unlucky
   601 | D:2      | Slain by a gnoll

Illustrated notes ...# #..# #..# ♣♣♣..# .....####### ### ♣♣♣......... ... #..#.#### #.# ♣##....# #J# .......## #@# #.......#### #.# #..........### #.# #............###.# ..#......).......####. #.#..(...#............# . ####.#.###.########## # #.#.....# ..####### Turn 39 on D:1: XD #.##.### #......# ####.#.# #....#.# #.#..#.# ##.####.####### #.............# #######.#####.## #...@....# ########## Turn 128 on D:2: oh

#......†.#####
#############
#.####.....###
#...#..#..#.#
#.#......#.)..
###...##)##.#
#.#..#........
###....#..#
#.#.###.##+### ###....##
#.......#..... ###...#
###.###.#..... ###.#
#.#.....#..... #@#
#<.....w#.....
#......#.#######.#....@
#gg....##.........#.....
.g....### ######..#.....
.g...##.#. #..#.....
....##..#. ##†######
...##..##. #.w.....
..##ww. #.#######..###..
##..## #..............#


Turn 584 on D:2: unlucky

Levels and vault maps discovered:
D:1:      scummos_arrival_forest, layout_loops_ring,
          hellmonk_ecumenical_altar_leap_of_faith, minivault_25,
          minmay_door_square
D:2:      minmay_razor_zed, layout_basic, minivault_25, interstate_on_off,
          uniq_terence
D:3:      layout_loops_ring
D:4:      layout_basic, kennysheep_mini_moat, kennysheep_little_box,
          temple_hall, serial_shops, shop_fountains

Skill      XL: |  1  2 |
---------------+-------+-----
Axes           | 4 |  4.0
Fighting       | |  2.2
Throwing       | |  2.0
Dodging        | |  3.0

Action                   || total
-------------------------++-------
Melee: War axe           ||    55
Throw: Throwing net      ||     3
  Use: Scroll            ||     4
 Stab: Held in net/web   ||     1
Armor: Leather armour    ||    19
Dodge: Dodged            ||    47

Table legend: (Time is in decaauts)
 A = Elapsed time spent in this place.
 B = Non-inter-level travel time spent in this place.
 C = Inter-level travel time spent in this place.
 D = Time resting spent in this place.
 E = Time spent auto-exploring this place.
 F = Levels seen in this place.
 G = Mean time per level.
                   A        B        C        D        E       F      G
               +--------+--------+--------+--------+--------+-----+--------+
         Total |    643 |    610 |     33 |      0 |     62 |   4 |  160.8 |
       Dungeon |    643 |    610 |     33 |      0 |     62 |   4 |  160.8 |
               +--------+--------+--------+--------+--------+-----+--------+

Top non-repeatable levels by time:
     D:2: 402 daAuts
     D:1: 126 daAuts
     D:3: 88 daAuts
     D:4: 25 daAuts
